Unix NetHack Version 5.0.0-0 post-release - last build Jun 10 2026 00:39:30 (3ee93aec679c4c4259841fe613dc97188e26a321,branch:main).

Game began 2026-06-23 18:08:54, ended 2026-06-23 18:16:08.

DaveT, lawful male human Priest

                                                                -.G
                                                            ----.@.
                                                            .<%.*).
                                                            .|.---

DaveT the Acolyte            St:9 Dx:13 Co:14 In:10 Wi:17 Ch:12  Lawful
Dlvl:4  $:25 HP:0(42) Pw:20(20) AC:4  Xp:4 T:2132  Hungry   Burdened

Latest messages:
 The gnomish wizard points all around, then curses.
 You miss the gnomish wizard.
 The gnomish wizard points all around, then curses.
 The gnomish wizard points all around, then curses.
 The dwarf hits!
 You hit the gnomish wizard.
 The gnomish wizard points all around, then curses.
 You miss the gnomish wizard.
 The air crackles around the gnomish wizard.
 You hit the gnomish wizard.
 The gnomish wizard points all around, then curses.
 The dwarf hits!
 The gnomish wizard points at you, then curses.
 You miss the dwarf.
 The gnomish wizard points at you, then curses.
 The dwarf hits!
 You hit the dwarf!
 The gnomish wizard points all around, then curses.
 The dwarf hits!
 You miss the dwarf.
 The gnomish wizard points all around, then curses.
 The gnomish wizard points all around, then curses.
 The dwarf misses!
 The gnomish wizard points all around, then curses.
 You miss the dwarf.
 The air crackles around the gnomish wizard.
 You hit the dwarf!
 The gnomish wizard points all around, then curses.
 The dwarf hits!
 The gnomish wizard points at you, then curses.
 What do you want to wield? [- as or ?*] w
 w - a blindfold (wielded).
 The gnomish wizard points all around, then curses.
 The gnomish wizard points all around, then curses.
 The gnomish wizard points all around, then curses.
 What do you want to wield? [- as or ?*] a
 a - a blessed +1 mace (weapon in right hand).
 The gnomish wizard points all around, then curses.
 The dwarf hits!
 You kill the dwarf!
 The gnomish wizard points at you, then curses.
 You kill the gnomish wizard!
 The gnome lord swings his thonged club.
 The gnome lord hits!
 You have a little trouble lifting A - 2 food rations.
 The gnome lord swings his thonged club.
 The gnome lord hits!
 You die...
 Do you want your possessions identified? [ynq] (y) y
 Do you want to see your attributes? [ynq] (y) q

Inventory:
 Coins    ('$')
  $ - 25 gold pieces
 Weapons  (')')
  s - 3 +0 orcish daggers
  a - a blessed +1 mace (weapon in right hand)
 Armor    ('[')
  t - a cursed -1 orcish helm (being worn)
  c - a +0 small shield (being worn)
  b - a +0 robe (being worn)
  u - a +0 studded leather armor (being worn)
 Comestibles  ('%')
  e - a clove of garlic
  x - a cram ration
  A - 2 food rations
  f - a sprig of wolfsbane
  p - a tripe ration
 Spellbooks  ('+')
  h - a spellbook of create monster
  g - a spellbook of detect monsters
  l - a spellbook of force bolt
  m - a cursed spellbook of healing
 Potions  ('!')
  z - a potion of extra healing
  n - a potion of healing
  d - 4 potions of holy water
 Tools    ('(')
  w - a blindfold
 Gems/Stones  ('*')
  q - a topaz stone

DaveT the Priest's attributes:

Background:
 You were an Acolyte, a level 4 human Priest.
 You were lawful, on a mission for Mitra
 who was opposed by Crom (neutral) and Set (chaotic).
 You were right-handed.
 You were in the Gnomish Mines, on level 4.
 You entered the dungeon 2132 turns ago.
 You had 132 experience points, 28 more were needed to attain level 5.

Basics:
 You had 0 out of 42 hit points.
 You had all 20 energy points (spell power).
 Your armor class was 4.
 Your wallet contained 25 zorkmids.
 Autopickup was off.

Final Characteristics:
 Your strength was 9 (limit:18/100).
 Your dexterity was 13 (limit:18).
 Your constitution was 14 (limit:18).
 Your intelligence was 10 (limit:18).
 Your wisdom was 17 (peak:18, limit:18).
 Your charisma was 12 (limit:18).

Final Status:
 You were hungry.
 You were burdened; movement was slightly slowed.
 You were wielding a mace.
 You had basic skill with mace.

Final Attributes:
 You were piously aligned.
 You were guarded.
 Your spell casting was enhanced by wearing a robe.
 You are dead.

Miscellaneous:
 You didn't encounter any bones levels.
 Total elapsed playing time was 7 minutes and 14 seconds.

Major events:
 Turn
    1: DaveT the lawful human Priest entered the dungeon
 1111: attained the rank of Acolyte (level 3)
 2089: entered the Gnomish Mines
 2132: killed by a gnome lord

Spells:
 Name                 Level Category     Fail Retention
 detect monsters        1   divination     0%  76%-100%
 create monster         2   clerical       0%   81%-90%

Skills:
 Fighting Skills
   bare handed combat [Unskilled]
 Weapon Skills
   club               [Unskilled]
   mace               [Basic]
   morning star       [Unskilled]
   flail              [Unskilled]
   hammer             [Unskilled]
   quarterstaff       [Unskilled]
   polearms           [Unskilled]
   spear              [Unskilled]
   trident            [Unskilled]
   lance              [Unskilled]
   bow                [Unskilled]
   sling              [Unskilled]
   crossbow           [Unskilled]
   dart               [Unskilled]
   shuriken           [Unskilled]
   boomerang          [Unskilled]
   unicorn horn       [Unskilled]
 Spellcasting Skills
   healing spells     [Unskilled]
   divination spells  [Unskilled]
   clerical spells    [Basic]

Voluntary challenges:
 Character rerolling was not enabled.
 You were illiterate.
 You never genocided any monsters.
 You never polymorphed an object.
 You never changed form.
 You used no wishes.
Achievements:
 You attained the rank of Acolyte.
 You entered a shop.
 You entered the Gnomish Mines.

 The Dungeons of Doom: levels 1 to 4
    Level 1:
    Level 2:
       An armor shop.
    Level 3: "vault"
       Stairs down to The Gnomish Mines.
    Level 4:
 The Gnomish Mines:
    Level 4: <- You were here.
       Final resting place for
          you, killed by a gnome lord.


Vanquished creatures:
  a gnomish wizard
  a dwarf
 an iguana
 an acid blob
  a yellow mold
  2 gnomes
  2 geckos
  9 jackals
  a fox
  a kobold
  3 goblins
  a sewer rat
  7 grid bugs
  5 lichens
  2 kobold zombies
  4 newts
42 creatures vanquished.

No species were genocided or became extinct.

Game over:
                       ----------
                      /          \
                     /    REST    \
                    /      IN      \
                   /     PEACE      \
                  /                  \
                  |      DaveT       |
                  |      25 Au       |
                  |   killed by a    |
                  |    gnome lord    |
                  |                  |
                  |                  |
                  |       2026       |
                 *|     *  *  *      | *
        _________)/\\_//(\/(/\)/\//\/|_)_______

Goodbye DaveT the Priest...

You died in The Gnomish Mines on dungeon level 4 with 741 points,
and 25 pieces of gold, after 2132 moves.
You were level 4 with a maximum of 42 hit points when you died.

